 Dungeon Crawl Stone Soup version 0.29.1-12-g30fa7ad0bf (webtiles) character file.

Game seed: 2116678545409442463

70 devnull the Grave Robber (level 4, 0/30 HPs)
             Began as a Demonspawn Necromancer on Jan 14, 2023.
             Slain by an adder (4 damage)
             ... on level 2 of the Dungeon.
             The game lasted 00:05:30 (2203 turns).

devnull the Grave Robber (Demonspawn Necromancer)   Turns: 2203, Time: 00:05:31

Health: 0/30       AC:  5    Str:  8    XL:     4   Next: 3%
Magic:  0/7        EV: 10    Int: 19    God:
Gold:   139        SH:  0    Dex: 19    Spells: 3/7 levels left

rFire   . . .      SeeInvis .   f - +0 dagger
rCold   . . .      Faith    .   (no shield)
rNeg    . . .      Spirit   .   n - +0 ring mail
rPois   .          Reflect  .   (no helmet)
rElec   .          Harm     .   (no cloak)
rCorr   .          Rampage  .   (no gloves)
Will    .....                   (no boots)
Stlth   ++........              (no amulet)
HPRegen 0.10/turn               g - +6 ring of dexterity
MPRegen 0.10/turn               (no ring)

@: no status effects
A: hooves 1
a: no special abilities


You were on level 2 of the Dungeon.
You visited 1 branch of the dungeon, and saw 2 of its levels.

You collected 139 gold pieces.

Inventory:

Hand Weapons
 f - a +0 dagger (weapon)
Missiles
 m - 6 silver javelins
Armour
 a - a +0 robe
 n - a +0 ring mail (worn)
Jewellery
 g - a +6 ring of dexterity (left hand)
Scrolls
 d - a scroll of immolation {unknown}
 e - a scroll of amnesia {unknown}
 h - a scroll of identify {unknown}
 k - 2 scrolls of teleportation {unknown}
 q - a scroll of poison {unknown}
 s - a scroll of vulnerability {unknown}
Potions
 b - a potion of magic
 c - a potion of lignification {unknown}
 i - 2 potions of haste {unknown}
 j - a potion of degeneration {unknown}
 l - a potion of flight {unknown}
 o - 2 potions of berserk rage {unknown}
 p - a potion of curing {unknown}
 r - a potion of invisibility {unknown}


   Skills:
 - Level 1.7 Dodging
 - Level 1.7 Stealth
 - Level 2.0 Spellcasting
 + Level 6.2 Necromancy


You had 3 spell levels left.
You knew the following spells:

 Your Spells              Type           Power      Damage    Failure   Level
a - Necrotise             Necr           100%       1d9       4%          1
b - Vampiric Draining     Necr           25%        2d7       12%         3

Your spell library contained the following spells:

 Spells                   Type           Power      Damage    Failure   Level
 Scorch                   Fire           2%         2d5       61%         2
 Animate Dead             Necr           25%        N/A       38%         4
 Agony                    Necr           25%        N/A       75%         5
 Flame Wave               Conj/Fire      1%         2d4       99%         4
 Summon Cactus Giant      Summ           0%         N/A       100%        6


Dungeon Overview and Level Annotations

Branches:
Dungeon (2/15)

Altars:

Annotations:
D:2 Sigmund


Innate Abilities, Weirdness & Mutations

You have large cloven feet.


Message History

You hit the worm.
The worm is almost dead.
You barely miss the worm. You kick the worm.
You kill the worm!
The adder bites you but does no damage.
You have reached level 4!
You feel clever.
You hit the adder but do no damage. You kick the adder, but do no damage.
The adder bites you but does no damage.
You closely miss the adder. The adder bites you but does no damage.
You barely miss the adder. The adder bites you.
You miss the adder. Your kick misses the adder. The adder bites you.
* * * LOW HITPOINT WARNING * * *
The adder bites you.
* * * LOW HITPOINT WARNING * * *
You miss the adder. The adder closely misses you.
You closely miss the adder. The adder bites you but does no damage.
Your magical contamination has completely faded away.
Unknown command.
Casting: Vampiric Draining (quite dangerous; 12% risk of failure)
Confirm with . or Enter, or press ? or * to list all spells.
Aiming: Necrotise (safe; 4% risk of failure)
Press: ? - help, Shift-Dir - straight line, f - adder
Aim: an adder (chance to affect: 88%)
The adder writhes in agony.
The adder bites you but does no damage. The adder bites you.
* * * LOW HITPOINT WARNING * * *
Okay, then.
Okay, then.
Unknown command.
You barely miss the adder. You kick the adder, but do no damage.
The adder is heavily wounded.
The adder closely misses you.
You miss the adder.
The adder is heavily wounded.
The adder bites you but does no damage.
You hit the adder. You kick the adder.
The adder is severely wounded.
The adder bites you but does no damage. The adder bites you.
You die...

## ... .... .....
##################......
................@S......
.############.##.#......
.#########....##.######.
......##...##......#
....).........####.#
##............####.#
##.#.......##>.....###
...#.......#.........##
####.........#####....#


You could see an adder.

Vanquished Creatures
  A gnoll (D:1)
  An adder (D:1)
  A worm (D:2)
  2 dart slugs
  2 bats (D:1)
  2 endoplasms (D:1)
  2 giant cockroaches
  7 goblins (D:1)
  7 hobgoblins
  A quokka (D:1)
  6 ball pythons (D:1)
  A frilled lizard (D:1)
  5 kobolds
  4 rats
42 creatures vanquished.

Vanquished Creatures (collateral kills)
  A giant cockroach (D:1)
1 creature vanquished.

Grand Total: 43 creatures vanquished

Notes
Turn   | Place    | Note
-------+----------+-------------------------------------------
     0 | D:1      | devnull the Demonspawn Necromancer began the quest for the
                  | Orb.
     0 | D:1      | Reached XP level 1. HP: 13/13 MP: 3/3
   318 | D:1      | Reached skill level 5 in Necromancy
   318 | D:1      | Gained mutation: You have large cloven feet. [demonic
                  | ancestry]
   318 | D:1      | Reached XP level 2. HP: 19/19 MP: 1/5
   885 | D:1      | Reached XP level 3. HP: 24/24 MP: 2/6
  1645 | D:1      | Learned a level 3 spell: Vampiric Draining
  1672 | D:2      | Found a faded altar of an unknown god.
  1687 | D:1      | Reached skill level 6 in Necromancy
  2121 | D:2      | Noticed Sigmund
  2194 | D:2      | Reached XP level 4. HP: 11/30 MP: 0/7
  2203 | D:2      | Slain by an adder

Illustrated notes

Levels and vault maps discovered:
D:1:      dpeg_arrival_morbid_curiosity, layout_basic
D:2:      layout_rooms, nicolae_ecumenical_pavilion, uniq_sigmund

Skill      XL: |  1  2  3 |
---------------+----------+-----
Necromancy     | 5 6 |  6.2
Dodging        | |  1.7
Stealth        | |  1.7
Spellcasting   | |  2.0

Action                   |  1- 3 |  4- 6 || total
-------------------------+-------+-------++-------
Melee: Unarmed           |     3 |       ||     3
       Kick              |    26 |     3 ||    29
       Dagger            |    59 |     9 ||    68
       Punch             |     1 |       ||     1
 Cast: Necrotise         |    39 |     1 ||    40
       Vampiric Draining |     2 |       ||     2
 Stab: Sleeping          |     1 |       ||     1
Armor: Ring mail         |    24 |     6 ||    30
       Robe              |     2 |       ||     2
Dodge: Dodged            |    44 |     2 ||    46
